 Dungeon Crawl Stone Soup version 0.29-a0-40-g8eb35efe60 (webtiles) character file.

Game seed: 6215330780929556024

182 crazypyro the Grave Robber (level 5, -1/35 HPs)
             Began as a Demonspawn Necromancer on Feb 1, 2022.
             Killed from afar by an orc wizard (9 damage)
             ... with a puff of flame
             ... on level 3 of the Dungeon.
             The game lasted 00:05:02 (3148 turns).

crazypyro the Grave Robber (Demonspawn Necromancer) Turns: 3148, Time: 00:05:03

Health: -1/35      AC:  3    Str:  8    XL:     5   Next: 34%
Magic:  0/9        EV: 12    Int: 18    God:
Gold:   93         SH:  0    Dex: 20    Spells: 7/9 levels left

rFire   . . .      SeeInvis .   b - staff of earth
rCold   + . .      Faith    .   (no shield)
rNeg    . . .      Spirit   +   a - +0 robe
rPois   .          Reflect  .   (no helmet)
rElec   .          Harm     .   (no cloak)
rCorr   .          Rampage  .   (no gloves)
Will    .....                   f - +0 pair of boots
Stlth   +.........              e - amulet of guardian spirit
HPRegen 0.11/turn               n - ring of protection from cold
MPRegen 0.11/turn               o - +6 ring of dexterity

@: confused
A: large bone plates 1, demonic magic 1, demonic touch 1
a: no special abilities


You were on level 3 of the Dungeon.
You visited 1 branch of the dungeon, and saw 3 of its levels.

You collected 93 gold pieces.

Inventory:

Armour
 a - a +0 robe (worn)
 f - a +0 pair of boots (worn)
 h - a +0 ring mail of cold resistance
 k - a +2 chain mail of fire resistance
Magical Staves
 b - a staff of earth (weapon)
Jewellery
 e - an amulet of guardian spirit (around neck)
 n - a ring of protection from cold (left hand)
 o - a +6 ring of dexterity (right hand)
Scrolls
 c - 2 scrolls of identify {unknown}
 i - a scroll of enchant weapon {unknown}
 j - 2 scrolls of immolation {unknown}
 l - 2 scrolls of enchant armour {unknown}
 m - 2 scrolls of teleportation {unknown}
Potions
 d - 2 potions of invisibility {unknown}
 g - a potion of mutation {unknown}
 p - a potion of curing {unknown}


   Skills:
 * Level 2.6 Staves
 - Level 1.7 Dodging
 - Level 1.7 Stealth
 + Level 2.8 Spellcasting
 * Level 5.8 Necromancy


You had 7 spell levels left.
You knew the following spells:

 Your Spells              Type           Power      Damage    Failure   Level
a - Pain                  Necr           92%        1d8       1%          1
b - Animate Skeleton      Necr           46%        N/A       1%          1

Your spell library contained the following spells:

 Spells                   Type           Power      Damage    Failure   Level
 Sublimation of Blood     Necr           23%        N/A       2%          2
 Vampiric Draining        Necr           23%        2d7       4%          3
 Animate Dead             Necr           11%        N/A       14%         4
 Wereblood                Tmut           2%         N/A       26%         2
 Agony                    Necr           23%        N/A       38%         5
 Summon Hydra             Summ           1%         N/A       100%        7


Dungeon Overview and Level Annotations

Branches:
Dungeon (3/15)

Altars:

Shops:
D:1 !


Innate Abilities, Weirdness & Mutations

You are partially covered in large bone plates. (SH +4)
Spells you cast may paralyse adjacent enemies.
Your touch may inflict minor irresistible damage on your foes.


Message History

The orc wizard gestures wildly while chanting.
The orc wizard flickers and vanishes!
Deactivating autopickup; reactivate with Ctrl-A.
You hit something but do no damage. Your touch misses something.
Something hits you.
You miss something. Your touch misses something. Something barely misses you.
You barely miss something. Something hits you.
You miss something. Your touch misses something.
You hear some strange, mumbled words.
A magic dart appears from out of thin air!
The magic dart hits you.
You closely miss something. You punch something.
You hear some strange, mumbled words.
You are confused.
You bump into the rock wall.
You hear some strange, mumbled words.
A magic dart appears from out of thin air!
The magic dart hits you!
You hear some strange, mumbled words.
You are more confused.
Something hits you.
You miss something. Something hits you.
You completely miss something.
You hear some strange, mumbled words.
You are more confused.
You bump into the rock wall.
Something hits you but does no damage.
You closely miss something. Something hits you.
You miss something. Something hits you.
* * * LOW HITPOINT WARNING * * *
Something hits you.
* * * LOW HITPOINT WARNING * * *
You bump into the rock wall.
Something hits you.
* * * LOW HITPOINT WARNING * * *
You closely miss something.
You touch something.
Something hits you but does no damage.
You bump into the rock wall.
You hear some strange, mumbled words.
A puff of flame appears from out of thin air!
The puff of flame hits you!
You die...

.# #.# #.#
#####.#####
..........
#.#....####
#.#........
#@{....#
#.#.)..#
#.##)?.#####
#...........
####.#######
####. ##'##
#....
##...##
#.##.
##.....##
#.##.
#.......##
##.##.


There were no monsters in sight!

Vanquished Creatures
  Jessica (D:2)
  Terence (D:2)
  A hound skeleton (D:2)
  6 adders
  A worm (D:3)
  2 dart slugs (D:1)
  2 orcs (D:3)
  3 bats
  4 endoplasms
  3 giant cockroaches
  7 goblins
  7 hobgoblins
  2 jackals (D:1)
  4 quokkas
  2 ball pythons (D:2)
  3 frilled lizards (D:1)
  4 kobolds
  5 rats
58 creatures vanquished.

Notes
Turn   | Place    | Note
-------+----------+-------------------------------------------
     0 | D:1      | crazypyro the Demonspawn Necromancer began the quest for
                  | the Orb.
     0 | D:1      | Reached XP level 1. HP: 13/13 MP: 3/3
   309 | D:1      | Gained mutation: You are partially covered in large bone
                  | plates. (SH +4) [demonic ancestry]
   309 | D:1      | Reached XP level 2. HP: 15/19 MP: 0/5
   684 | D:1      | Learned a level 1 spell: Animate Skeleton
   881 | D:1      | Reached skill level 1 in Staves
  1195 | D:1      | Gained mutation: Spells you cast may paralyse adjacent
                  | enemies. [demonic ancestry]
  1195 | D:1      | Reached XP level 3. HP: 23/24 MP: 4/6
  1323 | D:1      | Reached skill level 5 in Necromancy
  1456 | D:1      | Found Icudu's Distillery.
  1605 | D:2      | Noticed Jessica
  1608 | D:2      | Killed Jessica
  1757 | D:2      | Gained mutation: Your touch may inflict minor irresistible
                  | damage on your foes. [demonic ancestry]
  1757 | D:2      | Reached XP level 4. HP: 26/30 MP: 2/7
  2215 | D:2      | Noticed Terence
  2220 | D:2      | Killed Terence
  2333 | D:2      | Found a faded altar of an unknown god.
  2441 | D:2      | Reached XP level 5. HP: 31/35 MP: 4/9
  3148 | D:3      | Killed from afar by an orc wizard

Illustrated notes

Levels and vault maps discovered:
D:1:      grunt_arrival_crossed_arrows, layout_loops_ring, serial_shops,
          nicolae_shop_window_shopping
D:2:      minmay_inner_zag, layout_basic, ebering_ecumenical_altar_webs,
          kennysheep_generic_room_12, uniq_terence, uniq_jessica
D:3:      layout_loops_corners, uniq_grinder, uniq_sigmund

Skill      XL: |  1  2  3  4 |
---------------+-------------+-----
Staves         | 1 2 |  2.6
Necromancy     | 5 |  5.8
Dodging        | |  1.7
Stealth        | |  1.7
Spellcasting   | |  2.8

Action                   |  1- 3 |  4- 6 || total
-------------------------+-------+-------++-------
Melee: Staff             |    17 |    16 ||    33
       Touch             |       |     3 ||     3
       Punch             |       |     2 ||     2
 Cast: Pain              |    65 |    50 ||   115
       Animate Skeleton  |     1 |     3 ||     4
Armor: Robe              |     6 |     4 ||    10
Dodge: Dodged            |    12 |     9 ||    21
Block: Other             |     3 |     1 ||     4

Table legend: (Time is in decaauts)
 A = Elapsed time spent in this place.
 B = Non-inter-level travel time spent in this place.
 C = Inter-level travel time spent in this place.
 D = Time resting spent in this place.
 E = Time spent auto-exploring this place.
 F = Levels seen in this place.
 G = Mean time per level.
                   A        B        C        D        E       F      G
               +--------+--------+--------+--------+--------+-----+--------+
         Total |   3150 |   3087 |     63 |      0 |   2743 |   3 | 1050.0 |
       Dungeon |   3150 |   3087 |     63 |      0 |   2743 |   3 | 1050.0 |
               +--------+--------+--------+--------+--------+-----+--------+

Top non-repeatable levels by time:
     D:1: 1553 daAuts
     D:2: 1252 daAuts
     D:3: 344 daAuts
